 Dungeon Crawl Stone Soup version 0.20.1-1-g8b1a95d (webtiles) character file.

24 JeffiDaFish the Conjurer (level 2, -7/13 HPs)
             Began as a Spriggan Conjurer on Nov 8, 2017.
             Killed from afar by Sigmund (8 damage)
             ... with a puff of flame
             ... on level 2 of the Dungeon.
             The game lasted 00:04:05 (1335 turns).

JeffiDaFish the Conjurer (Spriggan Conjurer)        Turns: 1335, Time: 00:04:05

Health: -7/13      AC:  2    Str:  4    XL:     2   Next: 79%
Magic:  5/7        EV: 18    Int: 16    God:
Gold:   31         SH:  0    Dex: 16    Spells: 4/7 levels left

rFire    . . .     SeeInvis +   d - +1 short sword
rCold    . . .     Gourm    .   (shield restricted)
rNeg     . . .     Faith    .   a - +0 robe
rPois    .         Spirit   .   (helmet restricted)
rElec    .         Reflect  .   (no cloak)
rCorr    .         Harm     .   (gloves unavailable)
MR       .....                  (boots unavailable)
Stlth    ++........             (no amulet)
Regen    0.1/turn               (no ring)
MPRegen  0.1/turn               (no ring)

@: very quick
A: unfitting armour, see invisible, herbivore 3, speed 3, slow metabolism 2
a: no special abilities


You were on level 2 of the Dungeon.
You were not hungry.

You visited 1 branch of the dungeon, and saw 2 of its levels.

You collected 31 gold pieces.

Inventory:

Hand Weapons
 d - a +1 short sword (weapon)
Armour
 a - a +0 robe (worn)
Potions
 e - a potion of ambrosia {unknown}
Books
 b - a book of Conjurations

   Spells                             Type                      Level
   a - Magic Dart                     Conjuration                  1
   b - Searing Ray                    Conjuration                  2
   c - Dazzling Spray                 Conjuration/Hexes            3
   d - Fulminant Prism                Conjuration/Hexes            4
   e - Force Lance                    Conjuration/Translocation    4
   f - Iskenderun's Mystic Blast      Conjuration                  4
Comestibles
 c - a bread ration
 f - a royal jelly


   Skills:
 + Level 3.0 Dodging
 + Level 3.2 Stealth
 + Level 3.0 Spellcasting
 + Level 3.4 Conjurations


You had 4 spell levels left.
You knew the following spells:

 Your Spells              Type           Power        Failure   Level  Hunger
a - Magic Dart            Conj           ##..         4%          1    #......
b - Searing Ray           Conj           ##....       7%          2    ##.....


Dungeon Overview and Level Annotations

Branches:
Dungeon (2/15)

Altars:

Annotations:
D:2 Sigmund


Innate Abilities, Weirdness & Mutations

You are very small and have problems with some larger weapons.
You are too small for most types of armour.
You have supernaturally acute eyesight. (SInv)
You are a herbivore.
You cover ground extremely quickly.
You need consume almost no food.


Message History

Sigmund points at you and mumbles some strange words.
The puff of flame hits you!
There is a stone staircase leading up here.
Things that are here:
a club; a hobgoblin skeleton
Casting: Magic Dart
Confirm with . or Enter, or press ? or * to list all spells.
Aiming: Searing Ray
Press: ? - help, Shift-Dir - straight line, f - Sigmund
Aim: Sigmund, wielding a scythe, wearing a runed robe and carrying a wand of flame (?/48) {zapped: 1} The searing ray hits Sigmund.
Sigmund is lightly wounded. (Press . to maintain the ray.) Sigmund zaps a wand.
The puff of flame hits you!
Ouch! That really hurt!
* * * LOW HITPOINT WARNING * * *
Sigmund points at you and mumbles some strange words.
The puff of flame hits you!
Ouch! That really hurt!
You die...

### +# ..# Ss.####.# .#
...........# ##. .# ........##.#
##..... .# ...........###..⌠..##
###. ############.##..........+##
.... #...#......@..........PP..#.
...# #...#.#######........P≈≈P...
...# #...#.#######.@.............
...###..........(.##'#####......#
......<...........##.# ##.##.#
#.######......†<..##.#####.....#
#.# #..........##.@......#### #.#
#..........#########.# #.#
#................###.#


You could see Sigmund.

Vanquished Creatures
  An ooze (D:1)
  A dart slug (D:1)
  2 giant cockroaches
  2 goblins (D:1)
  3 hobgoblins
  A quokka (D:2)
  3 bats (D:1)
  A kobold (D:1)
  3 rats (D:1)
17 creatures vanquished.

Notes
Turn   | Place    | Note
-------+----------+-------------------------------------------
     0 | D:1      | JeffiDaFish the Spriggan Conjurer began the quest for the Orb.
     0 | D:1      | Reached XP level 1. HP: 9/9 MP: 5/5
   166 | D:1      | Reached XP level 2. HP: 13/13 MP: 0/6
  1067 | D:2      | Noticed Sigmund
  1072 | D:2      | Learned a level 2 spell: Searing Ray
  1335 | D:2      | Killed from afar by Sigmund

Skill      XL: |  1  2 |
---------------+-------+-----
Conjurations   | 3 |  3.4
Spellcasting   | 3 |  3.0
Dodging        | |  3.0
Stealth        | |  3.2

Action                   || total
-------------------------++-------
Melee: Short sword       ||    14
 Cast: Magic Dart        ||    38
       Searing Ray       ||     1
  Use: Scroll            ||     1
       Potion            ||     1
 Stab: Sleeping          ||     2
Armor: Robe              ||     2
Dodge: Dodged            ||    17
